 Dungeon Crawl Stone Soup version 0.30-a0-162-g2ba88f6271 (webtiles) character file.

Game seed: 574386871330788125

31 Essalna the Trooper (level 3, 30/30 HPs)
             Began as a Demonspawn Berserker on Sept 28, 2022.
             Was a Follower of Trog.
             Got out of the dungeon alive.
             The game lasted 00:00:58 (630 turns).

Essalna the Trooper (Demonspawn Berserker)           Turns: 630, Time: 00:00:58

Health: 30/30      AC:  2    Str: 19    XL:     3   Next: 7%
Magic:  3/3        EV: 12    Int:  8    God:    Trog [*.....]
Gold:   30         SH:  0    Dex: 12    Spells: 2/2 levels left

rFire   . . .      SeeInvis .    a - +0 hand axe
rCold   . . .      Faith    .    (no shield)
rNeg    . . .      Spirit   .    b - +0 animal skin
rPois   .          Reflect  .    (no helmet)
rElec   .          Harm     .    (no cloak)
rCorr   .          Rampage  .    (no gloves)
Will    .....                    (no boots)
Stlth   +.........               (no amulet)
HPRegen 0.10/turn                (no ring)
MPRegen 0.08/turn                (no ring)

@: no status effects
A: foul stench 1, demonic magic 1
a: Renounce Religion, Berserk


You escaped.
You worshipped Trog.
Trog was aware of your devotion.
You visited 1 branch of the dungeon, and saw 1 of its levels.

You collected 30 gold pieces.

Inventory:

Hand Weapons
 a - a +0 hand axe (weapon)
Armour
 b - a +0 animal skin (worn)
Scrolls
 c - a scroll of teleportation {unknown}
 e - a scroll of poison {unknown}
Potions
 d - a potion of brilliance {unknown}


   Skills:
 + Level 3.6 Fighting
 + Level 3.3 Axes
 - Level 1.7 Armour
 - Level 1.7 Dodging


You had 2 spell levels left.
You didn't know any spells.
Your spell library was empty.

Dungeon Overview and Level Annotations

Branches:
Dungeon (1/15)

Altars:


Innate Abilities, Weirdness & Mutations

You may rarely emit foul miasma when damaged in melee.
Spells you cast may paralyse adjacent enemies.


Message History

Trog accepts your kill.
You have reached level 3!
Your experience leads to an increase in your attributes!
Increase (S)trength, (I)ntelligence, or (D)exterity?
You feel stronger. x2; Your demonic ancestry asserts itself...
A menacing aura infuses your magic.
Found a dagger.
A rat and a giant cockroach come into view.
There are monsters nearby!
The rat bites you but does no damage.
You hit the rat but do no damage. The rat misses you.
You slash the rat!
You kill the rat!
Trog accepts your kill.
You hit the giant cockroach.
The giant cockroach is severely wounded.
The giant cockroach misses you.
You hit the giant cockroach.
You kill the giant cockroach!
Trog accepts your kill.
No target in view!
No target in view!
No target in view!
No target in view!
No target in view!
No target in view!
No target in view!
No target in view!
No target in view!
No target in view!
No target in view!
No target in view!
You see here a book of Geomancy.
There is an open door here.
There is an open door here.
You open the door.
There is an open door here.
There is a staircase leading out of the dungeon here.
Are you sure you want to leave the Dungeon?
This will make you lose the game!
You have escaped!

###♣♣♣♣♣♣♣♣♣♣♣
#.'.........@♣
#.#♣.♣♣♣♣♣.(.♣
#.#♣.♣P♣P....♣
#.#♣.♣.....♣.♣
#.#♣....⌠.♣♣.♣
#.#♣♣♣....P♣.♣
#.# ♣♣..P♣♣.♣
#.# ♣♣.♣♣♣.♣
#.# ♣..PP.♣


There were no monsters in sight!

Vanquished Creatures
  A gnoll (D:1)
  A dart slug (D:1)
  A ball python (D:1)
  2 bats (D:1)
  2 endoplasms (D:1)
  2 giant cockroaches (D:1)
  A hobgoblin (D:1)
  A quokka (D:1)
  3 frilled lizards (D:1)
  2 goblins (D:1)
  3 rats (D:1)
19 creatures vanquished.

Notes
Turn   | Place    | Note
-------+----------+-------------------------------------------
     0 | D:1      | Essalna the Demonspawn Berserker began the quest for the
                  | Orb.
     0 | D:1      | Reached XP level 1. HP: 18/18 MP: 1/1
    41 | D:1      | Gained mutation: You may rarely emit foul miasma when
                  | damaged in melee. [demonic ancestry]
    41 | D:1      | Reached XP level 2. HP: 24/24 MP: 2/2
   521 | D:1      | Gained mutation: Spells you cast may paralyse adjacent
                  | enemies. [demonic ancestry]
   521 | D:1      | Reached XP level 3. HP: 26/29 MP: 3/3
   630 | D:$      | Got out of the dungeon alive.

Illustrated notes

Levels and vault maps discovered:
D:1:      psy_arrival_fountain, layout_basic

Skill      XL: |  1 |
---------------+----+-----
Axes           | 3 |  3.3
Fighting       | |  3.6
Armour         | |  1.7
Dodging        | |  1.7

Action                   || total
-------------------------++-------
Melee: Hand axe          ||    39
Invok: Berserk           ||     1
Armor: Animal skin       ||     5
Dodge: Dodged            ||    24

Table legend: (Time is in decaauts)
 A = Elapsed time spent in this place.
 B = Non-inter-level travel time spent in this place.
 C = Inter-level travel time spent in this place.
 D = Time resting spent in this place.
 E = Time spent auto-exploring this place.
 F = Levels seen in this place.
 G = Mean time per level.
                   A        B        C        D        E       F      G
               +--------+--------+--------+--------+--------+-----+--------+
         Total |    646 |    573 |     73 |      0 |    456 |   1 |  646.0 |
       Dungeon |    646 |    573 |     73 |      0 |    456 |   1 |  646.0 |
               +--------+--------+--------+--------+--------+-----+--------+

Top non-repeatable levels by time:
     D:1: 646 daAuts
